 Dungeon Crawl Stone Soup version 0.29.0-4-gdea44cf6ec (webtiles) character file.

Game seed: 8351015092854768280

50 qw the Chopper (level 3, -4/21 HPs)
             Began as a Tengu Warper on Aug 28, 2022.
             Slain by Sigmund
             ... wielding a +3 vorpal scythe
              (7 damage)
             ... on level 3 of the Dungeon.
             The game lasted 00:00:12 (2342 turns).

qw the Chopper (Tengu Warper)                       Turns: 2342, Time: 00:00:13

Health: -4/21      AC:  8    Str: 13    XL:     3   Next: 79%
Magic:  7/7        EV:  6    Int: 13    God:
Gold:   84         SH:  0    Dex: 13    Spells: 6/6 levels left

rFire   . . .      SeeInvis .   Y - +0 hand axe
rCold   . . .      Faith    .   (no shield)
rNeg    . . .      Spirit   .   i - +0 chain mail
rPois   +          Reflect  .   (helmet restricted)
rElec   .          Harm     .   (no cloak)
rCorr   .          Rampage  .   (no gloves)
Will    .....                   (boots unavailable)
Stlth   ..........              (no amulet)
HPRegen 0.07/turn               j - ring of poison resistance
MPRegen 0.10/turn               (no ring)

@: no status effects
A: beak, talons 3
a: no special abilities


You were on level 3 of the Dungeon.
You visited 1 branch of the dungeon, and saw 3 of its levels.

You collected 84 gold pieces.


Innate Abilities, Weirdness & Mutations

You have a beak for a mouth.
You have claws for feet.


   Skills:
 - Level 2.0 Fighting
 + Level 4.4 Axes
 - Level 1.0 Throwing
 - Level 1.1 Armour
 - Level 2.1 Dodging
 - Level 2.0 Spellcasting
 - Level 2.4 Translocations


You had 6 spell levels left.
You didn't know any spells.
Your spell library contained the following spells:

 Spells                   Type           Power      Damage    Failure   Level
 Blink                    Tloc           14%        N/A       99%         2
 Gell's Gravitas          Tloc           7%         N/A       100%        3
 Lesser Beckoning         Tloc           7%         N/A       100%        3
 Teleport Other           Tloc           7%         N/A       100%        3
 Manifold Assault         Tloc           7%         N/A       100%        5

Inventory:

Hand Weapons
 e - a +0 mace
 Y - a +0 hand axe (weapon)
Missiles
 c - 3 javelins (quivered)
Armour
 i - a +0 chain mail (worn)
Jewellery
 h - a ring of fire
 j - a ring of poison resistance (left hand)
Scrolls
 a - 2 scrolls of identify
 g - 2 scrolls of teleportation
Potions
 b - a potion of curing
 d - a potion of haste
 k - a potion of heal wounds

Dungeon Overview and Level Annotations

Branches:
Dungeon (3/15)

Altars:

Annotations:
D:3 Sigmund


Message History

You climb downwards.
There is a stone staircase leading up here.
c - 3 javelins
Found a stone staircase leading down.
Enter note: You now have 77 gold pieces (gained 17).
There is a stone staircase leading down here.
You see here a +0 short sword.
Found 3 stones.
Found a rapier.
You see here a +0 rapier.
There is a stone staircase leading up here.
Things that are here:
5 stones; a +0 short sword A rat comes into view.
Throw: 3 javelins
Press: ? - help, Q - select action Shift-Dir - straight line, f - rat You throw a javelin.
The javelin pierces through the rat.
You kill the rat!
You see here a rat corpse.
c - 3 javelins (gained 1)
Found a trident.
You now have 84 gold pieces (gained 7).
Sigmund the Dreaded comes into view.
He is wielding a +3 vorpal scythe.
Sigmund shouts!
Sigmund says, "Your kind have come here before.
I understand now why.
You desire death..."
Sigmund casts a spell at you.
The magic dart hits you but does no damage.
Sigmund mumbles some strange words.
Sigmund flickers and vanishes!
Deactivating autopickup; reactivate with Ctrl-A.
Something hits you.
You closely miss something. You claw something. You closely miss something.
Your kick misses something. Something hits you.
You miss something. You claw something. Your peck misses something.
Something hits you.
You barely miss something. Your peck misses something. Something hits you!
You die...

#.......#
######...##..#
#....#...##..#
#.##....)....#
#.#####.###..#
#.# #.# ...
#.# #.# ## #.#
##. #@# #
#.....{#
#.##.#.# #.#.#
# ..# #.# #.#
..#


There were no monsters in sight!

Vanquished Creatures
  An adder (D:2)
  A worm (D:2)
  A dart slug (D:1)
  2 ball pythons
  5 endoplasms
  5 giant cockroaches
  2 goblins (D:2)
  4 hobgoblins
  3 kobolds
  2 bats
  2 frilled lizards
  5 rats
33 creatures vanquished.

Notes
Turn   | Place    | Note
-------+----------+-------------------------------------------
     0 | D:1      | qw the Tengu Warper began the quest for the Orb.
     0 | D:1      | Reached XP level 1. HP: 12/12 MP: 4/4
     0 | D:1      | 0 ||| qw: Version: 0.1-a-89-g26bdef1
     0 | D:1      | 0 ||| qw: Game counter: 1476
     0 | D:1      | 0 ||| qw: Always use a shield: true
     0 | D:1      | 0 ||| qw: God list: Okawaru
     0 | D:1      | 0 ||| qw: Allow faded altars: false
     0 | D:1      | 0 ||| qw: Do Orc after D:15 true
     0 | D:1      | 0 ||| qw: Do second Lair branch before Depths: true
     0 | D:1      | 0 ||| qw: Lair rune preference: random
     0 | D:1      | 0 ||| qw: Plans: Normal
     0 | D:1      | 0 ||| PLANNING D:1-11
   336 | D:1      | Reached skill level 3 in Axes
   336 | D:1      | Reached XP level 2. HP: 13/17 MP: 6/6
   794 | D:1      | 794 ||| READING 3 scrolls labelled FUHUWNE FUIRU.
   795 | D:1      | 795 ||| READING 3 scrolls labelled VUFIMA WEUCSUO.
   800 | D:1      | 800 ||| READING 2 scrolls labelled UBAEPNI TAENT.
   801 | D:1      | 801 ||| DRINKING 2 puce potions.
   802 | D:1      | 802 ||| READING 2 scrolls of identify.
   802 | D:1      | 802 ||| IDENTIFYING viscous golden potion
   803 | D:1      | 803 ||| DROPPING scroll of blinking.
   804 | D:1      | 804 ||| DROPPING scroll of butterflies.
   805 | D:1      | 805 ||| DROPPING potion of magic.
   886 | D:2      | 886 ||| Stepping ~*~*~tactically~*~*~ (stealth).
   888 | D:2      | 888 ||| Stepping ~*~*~tactically~*~*~ (stealth).
   890 | D:2      | 890 ||| Stepping ~*~*~tactically~*~*~ (stealth).
   891 | D:2      | 891 ||| Stepping ~*~*~tactically~*~*~ (stealth).
   892 | D:2      | 892 ||| Stepping ~*~*~tactically~*~*~ (stealth).
   985 | D:2      | 985 ||| FLEEEEING.
   986 | D:2      | 986 ||| FLEEEEING.
   987 | D:2      | 987 ||| FLEEEEING.
   988 | D:2      | 988 ||| FLEEEEING.
   989 | D:2      | 989 ||| FLEEEEING.
   990 | D:2      | 990 ||| FLEEEEING.
   991 | D:2      | 991 ||| FLEEEEING.
   992 | D:2      | 992 ||| FLEEEEING.
  1000 | D:2      | 1000 ||| FLEEEEING.
  1001 | D:2      | 1001 ||| FLEEEEING.
  1002 | D:2      | 1002 ||| FLEEEEING.
  1003 | D:2      | 1003 ||| FLEEEEING.
  1004 | D:2      | 1004 ||| FLEEEEING.
  1005 | D:2      | 1005 ||| FLEEEEING.
  1006 | D:2      | 1006 ||| FLEEEEING.
  1007 | D:2      | 1007 ||| FLEEEEING.
  1008 | D:2      | 1008 ||| FLEEEEING.
  1009 | D:2      | 1009 ||| FLEEEEING.
  1010 | D:2      | 1010 ||| FLEEEEING.
  1011 | D:2      | 1011 ||| FLEEEEING.
  1015 | D:2      | 1015 ||| FLEEEEING.
  1016 | D:2      | 1016 ||| FLEEEEING.
  1017 | D:2      | 1017 ||| FLEEEEING.
  1023 | D:2      | 1023 ||| FLEEEEING.
  1024 | D:2      | 1024 ||| FLEEEEING.
  1025 | D:2      | 1025 ||| FLEEEEING.
  1026 | D:2      | 1026 ||| FLEEEEING.
  1027 | D:2      | 1027 ||| FLEEEEING.
  1028 | D:2      | 1028 ||| FLEEEEING.
  1035 | D:2      | 1035 ||| FLEEEEING.
  1036 | D:2      | 1036 ||| FLEEEEING.
  1037 | D:2      | 1037 ||| FLEEEEING.
  1041 | D:2      | 1041 ||| FLEEEEING.
  1042 | D:2      | 1042 ||| FLEEEEING.
  1153 | D:2      | Reached XP level 3. HP: 20/21 MP: 7/7
  1183 | D:2      | 1183 ||| Stepping ~*~*~tactically~*~*~ (stealth).
  1186 | D:2      | 1186 ||| Stepping ~*~*~tactically~*~*~ (stealth).
  1195 | D:2      | Identified the +0 ring mail "Ifutsioss" {Str+3}
  1401 | D:2      | Reached skill level 4 in Axes
  1420 | D:2      | Identified the +9 dagger of Midnight {protect, +Blink rN+
                  | Int+4}
  1836 | D:2      | 1836 ||| UPGRADING to +0 ring mail "Ifutsioss" {Str+3}.
  1846 | D:2      | 1846 ||| DROPPING +0 leather armour.
  1847 | D:2      | 1847 ||| UPGRADING to +0 chain mail.
  1857 | D:2      | 1857 ||| DROPPING +0 ring mail "Ifutsioss" {Str+3}.
  1858 | D:2      | 1858 ||| UPGRADING to ring of poison resistance.
  1859 | D:2      | 1859 ||| READING scroll labelled GUNEZX YNANN.
  2012 | D:3      | 2012 ||| FLEEEEING.
  2013 | D:3      | 2013 ||| FLEEEEING.
  2014 | D:3      | 2014 ||| FLEEEEING.
  2015 | D:3      | 2015 ||| STAIRDANCE
  2120 | D:2      | 2120 ||| READING scroll labelled XOSUB HUYDU.
  2121 | D:2      | 2121 ||| READING 4 scrolls of identify.
  2121 | D:2      | 2121 ||| IDENTIFYING amethyst potion
  2122 | D:2      | 2122 ||| READING 3 scrolls of identify.
  2122 | D:2      | 2122 ||| IDENTIFYING glowing sapphire potion
  2126 | D:3      | 2126 ||| STAIRDANCE
  2334 | D:3      | Noticed Sigmund
  2341 | D:3      | HP: 4/21 [something (5)]
  2342 | D:3      | Slain by Sigmund

Levels and vault maps discovered:
D:1:      mrwooster_arrival_arrow, layout_basic
D:2:      layout_basic
D:3:      layout_loops_cross, kennysheep_pointless_box, uniq_sigmund

Skill      XL: |  1  2  3 |
---------------+----------+-----
Axes           | 3 4 |  4.4
Fighting       | |  2.0
Throwing       | |  1.0
Armour         | |  1.1
Dodging        | |  2.1
Spellcasting   | |  2.0
Translocations | |  2.4

Action                   || total
-------------------------++-------
Melee: Hand axe          ||    64
       Kick              ||    13
       Peck              ||     3
Throw: Boomerang         ||     7
       Javelin           ||     1
  Use: Scroll            ||     8
       Potion            ||     1
Armor: Leather armour    ||    21
       Chain mail        ||    11
Dodge: Dodged            ||    41

Table legend:
 A = Non-vault XP
 B = Vault XP
 C = Vault XP percentage of total XP
 D = Non-vault monster count
 E = Vault monster count
 F = Vault count percentage of total count
                 A         B        C        D         E       F
            +---------+---------+-------+---------+---------+-------
      Total |      72 |       0 |   0.0 |      33 |       0 |   0.0
            +---------+---------+-------+---------+---------+-------
        D:1 |      16 |       0 |   0.0 |       9 |       0 |   0.0
        D:2 |      46 |       0 |   0.0 |      18 |       0 |   0.0
        D:3 |      10 |       0 |   0.0 |       6 |       0 |   0.0
            +---------+---------+-------+---------+---------+-------
